Map: Abiogenesis LE

Players

Kozzy - Winner!

  • Race: Protoss Protoss
  • League: Gold
  • Spawn Location: 11:00

RAYNER

  • Race: Protoss Protoss
  • League: Gold
  • Spawn Location: 5:00

VOD

Have the link to the VOD?

Description

Time

  • Played on: April 4, 2018, 1:47 p.m.
  • Length: 6:53
Show
View Real Time Build Order
Export as new Build Order

Kozzy Protoss - Winner!

Build Orders:  

Get SALT Encoding   

  12  0:03  Probe  
  13  0:15  Probe  
  13  0:20  Pylon  
  14  0:27  Probe  
  15  0:39  Probe  
  15  0:42  Gateway  
  16  0:45  Assimilator  
  16  0:51  Probe  
  17  1:04  Probe (Chrono Boost)  
  18  1:09  Assimilator  
  18  1:16  Probe (Chrono Boost)  
  19  1:22  Probe (Chrono Boost)  
  20  1:30  Probe  
  21  1:33  Assimilator  
  21  1:42  Probe  
  22  1:50  Cybernetics Core  
  22  1:53  Forge  
  22  1:56  Pylon  
  22  2:26  Stalker (Chrono Boost)  
  22  2:28  Warp Gate  
  24  2:31  Protoss Ground Weapons Level 1 (Chrono Boost)  
  24  2:37  Shield Battery  
  24  2:39  Pylon  
  24  2:46  Gateway  
  24  2:53  Stalker (Chrono Boost)  
  26  3:04  Pylon  
  26  3:14  Photon Cannon  
  26  3:21  Stalker  
  28  3:42  Stalker  
  30  4:05  Stalker  
  32  4:24  Pylon  
  32  4:34  Stalker  
  34  4:41  Gateway  
  34  4:45  Gateway  
  34  5:13  Photon Cannon  
  34  5:14  Shield Battery  
  34  5:18  Robotics Facility  
  34  5:20  Stalker x2  
  38  5:39  Pylon  
  38  5:45  Pylon  
  38  5:47  Stalker x3  
  44  6:04  Pylon  
  44  6:05  Observer  
  45  6:12  Stalker x2  
  49  6:27  Observer  
  50  6:34  Stalker x2  
Show
View Real Time Build Order
Export as new Build Order

RAYNER Protoss 

Build Orders:  

Get SALT Encoding   

  12  0:02  Probe  
  13  0:15  Probe  
  14  0:23  Pylon  
  14  0:27  Probe  
  15  0:41  Probe (Chrono Boost), Gateway  
  16  0:47  Assimilator  
  16  0:53  Probe (Chrono Boost)  
  17  1:01  Probe (Chrono Boost)  
  18  1:22  Probe  
  19  1:29  Pylon, Cybernetics Core  
  19  1:34  Probe (Chrono Boost)  
  20  1:43  Probe (Chrono Boost)  
  21  1:50  Zealot  
Tags
 
League
GoldGold
Matchup
PvP
Spawn Locations
Cross Positions
Add a new tag
Caveats
  • Supply blocks, unpowered buildings, or Contaminate may cause inaccurate times.
  • Supply counts are checked every 10 seconds.